 Dungeon Crawl Stone Soup version 0.31-a0-700-gf13585253f (webtiles) character file.

Game seed: 8748922146975706069

5498 demibob the Cleaver (level 10, 0/91 HPs)
             Began as a Hill Orc Chaos Knight on Sept 7, 2023.
             Was a Plaything of Xom.
             Slain by an efreet
             ... wielding a +3 scimitar of flaming
              (4 damage)
             ... on level 9 of the Dungeon.
             The game lasted 00:16:24 (8186 turns).

demibob the Cleaver (Hill Orc Chaos Knight)         Turns: 8186, Time: 00:16:25

Health: 0/91       AC: 19    Str: 18    XL:     10   Next: 70%
Magic:  0/8        EV:  6    Int: 12    God:    Xom [....*.]
Gold:   438        SH:  0    Dex: 14    Spells: 9/9 levels left

rFire   . . .        a - +0 war axe (distort)
rCold   . . .        (no shield)
rNeg    . . .        C - +0 plate armour
rPois   +            (no helmet)
rElec   .            p - +0 cloak of Liberty {Rampage Dex+4}
rCorr   .            u - +2 pair of gloves
SInv    .            D - +0 pair of boots
Will    .....        o - amulet of guardian spirit Stlth
                     P - ring of poison resistance
HPRegen 0.35/turn    L - ring of flight
MPRegen 0.11/turn

%: guardian spirit, rampage
@: lethally poisoned (0 -> -1), flying
A: low MP 2, weak 1
a: Renounce Religion


You were on level 9 of the Dungeon.
You worshipped Xom.
You were a beloved toy of Xom.
You visited 1 branch of the dungeon, and saw 9 of its levels.
You also visited: Ossuary.

You collected 773 gold pieces.
You spent 335 gold pieces at shops.


Innate Abilities, Weirdness & Mutations

Your magical capacity is very low. (-20% MP)
You are weak. (Str -2)


   Skills:
 - Level 9.3 Fighting
 - Level 12.3 Axes
 + Level 8.0 Ranged Weapons
 - Level 7.0 Armour
 - Level 0.7 Dodging


You had 9 spell levels left.
You didn't know any spells.
Your spell library contained the following spells:

 Spells                   Type           Power      Damage    Failure   Level
 Apportation              Tloc           0%         N/A       100%        1
 Necrotise                Necr           0%         1d4       100%        1
 Sandblast                Erth           0%         2d4       100%        1
 Slow                     Hex            0%         N/A       100%        1
 Summon Small Mammal      Summ           0%         N/A       100%        1
 Lesser Beckoning         Tloc           0%         N/A       100%        2
 Passwall                 Tmut/Erth      0%         N/A       100%        2
 Poisonous Vapours        Pois/Air       0%         N/A       100%        2
 Confusing Touch          Hex            0%         N/A       100%        3
 Dazzling Flash           Conj/Hex       0%         N/A       100%        3
 Gell's Gravitas          Tloc           0%         N/A       100%        3
 Mephitic Cloud           Conj/Pois/Air  0%         N/A       100%        3
 Sigil of Binding         Hex            0%         N/A       100%        3
 Stone Arrow              Conj/Erth      0%         3d7       100%        3
 Teleport Other           Tloc           0%         N/A       100%        3
 Vampiric Draining        Necr           0%         2d6       100%        3
 Volatile Blastmotes      Fire/Tloc      0%         2d10      100%        3
 Agony                    Necr           0%         N/A       100%        5
 Freezing Cloud           Conj/Ice/Air   0%         6-21      100%        5
 Silence                  Hex/Air        0%         N/A       100%        5
 Starburst                Conj/Fire      0%         6d3       100%        6
 Maxwell's Capacitive Co  Air            0%         ∞         100%        8

Inventory:

Hand Weapons
 a - a +0 war axe of distortion (weapon)
 s - a +0 war axe
 y - a +3 hand cannon of freezing
Missiles
 k - 2 atropa-tipped darts (quivered)
 B - a throwing net {=f}
Armour
 p - the +0 cloak of Liberty (worn) {Rampage Dex+4}
   (You found it on level 2 of the Dungeon)

   Dex+4:     It affects your dexterity (+4).
   Rampage:   It bestows one free step when moving towards enemies.
 u - a +2 pair of gloves (worn)
 C - a +0 plate armour (worn)
 D - a +0 pair of boots (worn)
Jewellery
 o - an amulet of guardian spirit (around neck)
 z - a ring of wizardry
 L - a ring of flight (right hand)
 P - a ring of poison resistance (left hand)
Wands
 f - a wand of flame (13)
 w - a wand of charming (5)
Scrolls
 b - a scroll of identify {@r1}
 c - a scroll of butterflies
 d - 3 scrolls of teleportation {@r2}
 e - 2 scrolls of fear
 g - 3 scrolls of vulnerability
 i - 4 scrolls of immolation
 n - a scroll of fog
 q - a scroll of brand weapon
 F - a scroll of revelation
Potions
 h - a potion of brilliance
 r - 2 potions of ambrosia
 v - 2 potions of lignification
 A - a potion of heal wounds {@q2}
 E - 3 potions of attraction
 G - a potion of berserk rage {!q}
Miscellaneous
 t - a phantom mirror

Dungeon Overview and Level Annotations

Branches:
Dungeon (9/15)             Temple (0/1) D:6         Ossuary (visited)
   Lair: D:8-11         Orc: D:9-12

Altars:
Ashenzari
Cheibriados
Elyvilon
Hepliaklqana
Kikubaaqudgha
Makhleb
Okawaru
Ru
Wu Jian

Shops:
D:5 ( D:8

(? .# ##.# #..# ..#####
#..#
.......########..#####
#....R..#......###
......☼#####@.........<#
....... ###........##
.....[. #..........###
....... #............#
..°.... #...........##
.°..... ##...###...##
○#..... ##### #..## #..#
##.#


You could see an efreet.


Message History

* * * LOW HITPOINT WARNING * * *
The efreet burns you.
* * * LOW HITPOINT WARNING * * *
You are too injured to fight recklessly!
Unknown command.
You are too injured to fight recklessly!
You barely miss the efreet.
The efreet is heavily wounded.
You feel sick.
You barely miss the efreet.
The efreet is heavily wounded.
You feel sick.
The efreet hits you with a +3 scimitar of flaming!
* * * LOW HITPOINT WARNING * * *
The efreet burns you.
* * * LOW HITPOINT WARNING * * *
You hit the efreet.
Space warps around the efreet.
The efreet is severely wounded.
You feel sick.
The efreet hits you with a +3 scimitar of flaming.
* * * LOW HITPOINT WARNING * * *
The efreet burns you.
* * * LOW HITPOINT WARNING * * *
You barely miss the efreet.
The efreet is severely wounded.
You feel sick.
The efreet hits you with a +3 scimitar of flaming!
* * * LOW HITPOINT WARNING * * *
The efreet burns you.
You die...

Skill      XL: |  1  2  3  4  5  6  7  8  9 10 |
---------------+-------------------------------+-----
Axes           | 5 6 7 8 10 12 | 12.3
Armour         | 3 4 5 7 |  7.0
Fighting       | 4 8 9 |  9.3
Ranged Weapons | 1 5 8 |  8.0
Dodging        | |  0.7

Action                     |  1- 3 |  4- 6 |  7- 9 | 10-12 || total
---------------------------+-------+-------+-------+-------++-------
  Melee: Hand axe          |    90 |   102 |   491 |   251 ||   934
         Punch             |       |     1 |     8 |     6 ||    15
         War axe           |       |       |       |    80 ||    80
  Throw: Dart              |       |       |       |     5 ||     5
  Evoke: Phantom mirror    |       |       |     1 |       ||     1
         Wand              |       |       |       |     5 ||     5
    Use: Scroll            |     6 |     2 |    10 |     3 ||    21
         Potion            |       |       |     8 |     7 ||    15
   Stab: Invisible         |       |       |    18 |     2 ||    20
         Distracted        |       |       |     1 |       ||     1
 Armour: Leather armour    |    32 |       |       |       ||    32
         Scale mail        |    24 |    73 |   332 |   194 ||   623
         Plate armour      |       |       |       |    27 ||    27
  Dodge: Dodged            |    47 |    61 |   240 |    95 ||   443

Levels and vault maps discovered:
D:1:      heliophobic_arrival_battle_scene, layout_loops_ring
D:2:      layout_loops_ring, minmay_tetromino_l2
D:3:      layout_basic
D:4:      layout_layer_cave, evilmike_ruin_ashenzari, serial_co_window_serial,
          co_window_paths_b, co_window_corner_a, co_window_corner_a,
          co_window_cross_1, co_window_of_opportunity_a,
          co_window_of_opportunity_a, co_window_broadway_a,
          co_window_broadway_b, co_window_of_opportunity_b,
          co_window_broadway_c, glass_columns_b, glass_columns_b,
          grunt_decor_arrowhead
D:5:      minmay_evil_eye, layout_basic,
          chequers_temple_overflow_statue_of_worship,
          chequers_temple_overflow_minitemple, nicolae_shop_firing_range
D:6:      layout_cave_pools, minmay_temple_entry_mist, uniq_pikel, uniq_edmund
D:7:      layout_basic
D:8:      layout_basic, serial_shops, nicolae_shop_trees,
          nicolae_ossuary_entry_ruins, nicolae_stop_n_shop_1, centaur_isle,
          uniq_joseph, uniq_maurice
D:9:      minmay_curly_fans, layout_cave_pods, erik_lair_dragon,
          dilly_guarded_unrand_devastator

Notes
Turn   | Place    | Note
-------+----------+-------------------------------------------
     0 | D:1      | demibob the Hill Orc Chaos Knight began the quest for the
                  | Orb.
     0 | D:1      | Reached XP level 1. HP: 19/19 MP: 1/1
   179 | D:1      | Reached XP level 2. HP: 21/26 MP: 2/2
   366 | D:1      | Reached skill level 5 in Axes
   374 | D:1      | XOM: divination: detect items
   600 | D:1      | Reached XP level 3. HP: 31/31 MP: 3/3
   805 | D:2      | XOM: silly message
   926 | D:2      | Reached skill level 6 in Axes
  1136 | D:2      | Reached XP level 4. HP: 39/39 MP: 4/4
  1371 | D:2      | Identified the +0 cloak of Liberty {Rampage Dex+4}
  1713 | D:3      | XOM: polymorph jelly -> adder
  1727 | D:3      | Reached skill level 3 in Armour
  1943 | D:3      | XOM: god gift: phantom mirror
  2043 | D:4      | Reached skill level 7 in Axes
  2043 | D:4      | Reached XP level 5. HP: 40/45 MP: 3/5
  2043 | D:4      | an adder changed into a shapeshifter
  2043 | D:4      | Noticed a shapeshifter (shapeshifter)
  2043 | D:4      | XOM: polymorph adder -> shapeshifter
  2043 | D:4      | a shapeshifter changed into a yak
  2043 | D:4      | Noticed a yak (shapeshifter)
  2048 | D:4      | XOM: potion effect (might)
  2051 | D:4      | a yak changed into a black mamba
  2051 | D:4      | Noticed a black mamba (shapeshifter)
  2055 | D:4      | Killed a black mamba
  2056 | D:4      | Reached skill level 8 in Axes
  2056 | D:4      | Reached skill level 4 in Armour
  2056 | D:4      | Reached XP level 6. HP: 32/51 MP: 3/6
  2056 | D:4      | Reached XP level 7. HP: 36/57 MP: 3/7
  2134 | D:4      | XOM: silly message
  2304 | D:4      | Reached skill level 9 in Axes
  2452 | D:4      | Identified the +9 flail "Taoloky" {speed, rN+}
  2486 | D:4      | You fall into a shaft and drop 3 floors!
  2537 | D:7      | XOM: potion effect (invisibility)
  2550 | D:7      | Reached skill level 5 in Armour
  2557 | D:6      | XOM: 1-stop teleportation journey
  2570 | D:6      | XOM: blink monster(s)
  2577 | D:6      | XOM: summons 7 friendly demons
  2613 | D:6      | XOM: smoke on damage
  2619 | D:6      | XOM: enchant monster (bad)
  2622 | D:6      | Reached skill level 10 in Axes
  2626 | D:6      | Reached XP level 8. HP: 30/64 MP: 1/8
  2629 | D:6      | Reached skill level 11 in Axes
  2629 | D:6      | Reached skill level 6 in Armour
  2793 | D:6      | Noticed Edmund
  2800 | D:6      | XOM: fake destruction
  2803 | D:6      | XOM: confusion
  2812 | D:6      | Killed Edmund
  2821 | D:6      | XOM: stat loss: -1 Dex (13/14)
  2991 | D:6      | Found a staircase to the Ecumenical Temple.
  3025 | D:6      | Noticed Pikel
  3067 | D:6      | XOM: 2-stop teleportation journey
  3081 | D:6      | XOM: 2-stop teleportation journey
  3117 | D:5      | Entered Level 5 of the Dungeon
  3142 | D:5      | XOM: chaos cloud
  3149 | D:5      | Reached skill level 12 in Axes
  3150 | D:5      | Reached skill level 7 in Armour
  3164 | D:5      | Found Daheod's Firing Range.
  3173 | D:5      | Bought a +2 hand cannon of freezing for 201 gold pieces
  3211 | D:5      | XOM: silly message
  3231 | D:5      | Reached skill level 4 in Fighting
  3231 | D:5      | Reached skill level 1 in Ranged Weapons
  3231 | D:5      | Reached XP level 9. HP: 44/71 MP: 4/9
  3444 | D:5      | XOM: torment (36/72 hp)
  3552 | D:5      | XOM: 3-stop teleportation journey
  3673 | D:5      | XOM: 2-stop teleportation journey
  3690 | D:5      | Found an ancient bone altar of Kikubaaqudgha.
  3690 | D:5      | Found a snail-covered altar of Cheibriados.
  3691 | D:5      | Found a sacrificial altar of Ru.
  3691 | D:5      | Found a white marble altar of Elyvilon.
  3769 | D:5      | Reached skill level 2 in Ranged Weapons
  3811 | D:5      | XOM: enchant monster (bad)
  3812 | D:5      | Reached skill level 5 in Fighting
  3975 | D:4      | XOM: summons 5 hostile demons
  3984 | D:4      | XOM: summons 5 hostile demons
  3985 | D:4      | Noticed a sixfirhy
  3985 | D:4      | Noticed a rust devil
  4071 | D:4      | XOM: give mutations
  4071 | D:4      | Gained mutation: You have hidden genetic defects. [Xom's
                  | mischief]
  4071 | D:4      | Gained mutation: Your magical capacity is low. (-10% MP)
                  | [Xom's mischief]
  4071 | D:4      | Gained mutation: You have terrible hidden genetic defects.
                  | [Xom's mischief]
  4142 | D:4      | XOM: silly message
  4201 | D:4      | Found a broken altar of Ashenzari.
  4233 | D:4      | XOM: 2-stop teleportation journey
  4238 | D:4      | Reached skill level 3 in Ranged Weapons
  4672 | D:5      | XOM: stat loss: -1 Str (18/19)
  4739 | D:5      | Found an ornate altar of the Wu Jian Council.
  4739 | D:5      | Found a burning altar of Makhleb.
  4745 | D:5      | Found a faded altar of an unknown god.
  4747 | D:5      | Found an iron altar of Okawaru.
  4749 | D:5      | Found a hazy altar of Hepliaklqana.
  4847 | D:6      | XOM: polymorph lemure -> hell hound
  5038 | D:6      | XOM: enchant monster (bad)
  5055 | D:6      | Killed Pikel
  5056 | D:6      | Reached skill level 6 in Fighting
  5056 | D:6      | Reached skill level 4 in Ranged Weapons
  5069 | D:6      | Gained mutation: You do not regenerate when monsters are
                  | visible. [hidden defects]
  5257 | D:7      | XOM: summons friendly iron imp
  5338 | D:7      | Reached skill level 7 in Fighting
  5607 | D:7      | XOM: silly message
  5617 | D:7      | Gained mutation: You are weak. (Str -2) [hidden defects]
  5617 | D:7      | Lost mutation: You have terrible hidden genetic defects.
                  | [hidden defects expressed]
  5618 | D:7      | Reached skill level 5 in Ranged Weapons
  5717 | D:7      | XOM: silly message
  5882 | D:8      | Reached skill level 8 in Fighting
  5909 | D:8      | Reached XP level 10. HP: 43/88 MP: 6/9
  5932 | D:8      | Found a sand-covered staircase.
  5939 | Ossuary  | Entered an ossuary
  6300 | Ossuary  | Lost mutation: You do not regenerate when monsters are
                  | visible. [potion of mutation]
  6300 | Ossuary  | Lost mutation: You have hidden genetic defects. [potion of
                  | mutation]
  6300 | Ossuary  | Lost mutation: You are weak. (Str -2) [potion of mutation]
  6300 | Ossuary  | Gained mutation: You occasionally lose the ability to read
                  | scrolls when taking damage. [potion of mutation]
  6300 | Ossuary  | Gained mutation: You are vulnerable to heat. (rF-) [potion
                  | of mutation]
  6300 | Ossuary  | Gained mutation: Armour fits poorly on your strangely
                  | shaped body. [potion of mutation]
  6301 | Ossuary  | Lost mutation: You are vulnerable to heat. (rF-) [potion of
                  | mutation]
  6301 | Ossuary  | Lost mutation: Armour fits poorly on your strangely shaped
                  | body. [potion of mutation]
  6301 | Ossuary  | Gained mutation: Your magical capacity is very low. (-20%
                  | MP) [potion of mutation]
  6301 | Ossuary  | Gained mutation: You have large cloven feet. [potion of
                  | mutation]
  6301 | Ossuary  | Gained mutation: You possess an exceptional clarity of
                  | mind. [potion of mutation]
  6302 | Ossuary  | Lost mutation: You occasionally lose the ability to read
                  | scrolls when taking damage. [potion of mutation]
  6302 | Ossuary  | Lost mutation: You have large cloven feet. [potion of
                  | mutation]
  6302 | Ossuary  | Lost mutation: You possess an exceptional clarity of mind.
                  | [potion of mutation]
  6302 | Ossuary  | Gained mutation: You are weak. (Str -2) [potion of
                  | mutation]
  6305 | D:8      | Noticed Joseph
  6319 | D:8      | XOM: god gift: scroll of teleportation
  6336 | D:8      | Killed Joseph
  6412 | D:8      | Reached skill level 6 in Ranged Weapons
  6518 | D:8      | Reached skill level 9 in Fighting
  6533 | D:8      | XOM: god gift: 48 gold pieces
  6634 | D:8      | Found Oqocob's Antique Weapon Boutique.
  6636 | D:8      | XOM: silly message
  6645 | D:8      | XOM: divination: detect creatures
  6705 | D:8      | Bought a war axe for 108 gold pieces
  6707 | D:8      | XOM: smoke on damage
  7078 | D:8      | HP: 9/91 [centaur/arrow (5)]
  7434 | D:8      | XOM: divination: detect creatures
  7439 | D:8      | Reached skill level 7 in Ranged Weapons
  7463 | D:8      | Noticed Maurice
  7475 | D:8      | XOM: summons friendly ufetubus
  7484 | D:8      | Killed Maurice
  7629 | D:8      | Found Ykhlev's Magic Scroll Emporium.
  7639 | D:8      | Bought a scroll of identify for 26 gold pieces
  7691 | D:8      | XOM: cloud trail
  7859 | D:8      | XOM: enchant monster (good)
  7861 | D:8      | Identified the +0 chain mail of Okawaru's Castigation {rF+
                  | Will+ Str+2 Stlth+}
  7918 | D:8      | XOM: divination: detect creatures
  7983 | D:8      | XOM: god gift: javelin
  8166 | D:9      | XOM: destruction
  8182 | D:9      | Reached skill level 8 in Ranged Weapons
  8186 | D:9      | HP: 4/91 [efreet/+3 scimitar of flaming (10)]
  8186 | D:9      | Slain by an efreet

Vanquished Creatures
  Pikel (D:6)
  Joseph (D:8)
  A black mamba (shapeshifter) (D:4)
  A wyvern (D:8)
  A steam dragon (D:7)
  Edmund (D:6)
  3 water moccasins
  2 orc warriors (D:8)
  A hell hound (D:6)
  An ice beast (D:6)
  A sky beast (D:6)
  3 black bears
  4 ogres
  A centaur (D:8)
  3 lemures (D:6)
  2 phantoms (D:4)
  3 kobold brigands
  A scorpion (D:5)
  3 wights (D:8)
  9 killer bees
  2 howler monkeys (D:7)
  3 orc priests (D:8)
  3 jellies
  A gnoll bouda (D:5)
  4 hounds
  A sleepcap (D:5)
  4 orc wizards (D:8)
  An iguana (D:4)
  8 mummies (Ossuary)
  8 gnolls
  8 adders
  A shadow imp (D:8)
  A white imp (D:6)
  An ufetubus (D:5)
  3 dart slugs
  25 orcs
  4 bats
  10 endoplasms
  3 giant cockroaches
  A gnoll zombie (Ossuary)
  9 goblins
  7 hobgoblins
  A jackal (D:3)
  23 kobolds
  7 quokkas
  3 training dummies (D:5)
  7 ball pythons
  4 frilled lizards
  3 hobgoblin zombies (Ossuary)
  2 kobold zombies (Ossuary)
  2 orc zombies (Ossuary)
  3 rats
206 creatures vanquished.

Vanquished Creatures (collateral kills)
  Maurice (D:8)
  4 centaurs (D:8)
  A bullfrog (D:6)
  2 wights (D:8)
  3 orcs (D:6)
  An endoplasm (D:1)
  A kobold (D:7)
  A rat (D:1)
14 creatures vanquished.

Vanquished Creatures (others)
  A centaur (D:8)
  A killer bee (D:9)
2 creatures vanquished.

Grand Total: 222 creatures vanquished

Table legend: (Time is in decaauts)
 A = Elapsed time spent in this place.
 B = Non-inter-level travel time spent in this place.
 C = Inter-level travel time spent in this place.
 D = Time resting spent in this place.
 E = Time spent auto-exploring this place.
 F = Levels seen in this place.
 G = Mean time per level.
                   A        B        C        D        E       F      G
               +--------+--------+--------+--------+--------+-----+--------+
         Total |   7973 |   7771 |    202 |    792 |   5415 |  10 |  797.3 |
       Dungeon |   7631 |   7429 |    202 |    762 |   5214 |   9 |  847.9 |
       Ossuary |    342 |    342 |      0 |     30 |    201 |   1 |  342.0 |
               +--------+--------+--------+--------+--------+-----+--------+

Top non-repeatable levels by time:
     D:8: 1852 daAuts
     D:5: 1070 daAuts
     D:4: 1049 daAuts
     D:6: 863 daAuts
     D:1: 787 daAuts
     D:2: 754 daAuts
     D:7: 715 daAuts
     D:3: 493 daAuts
 Ossuary: 342 daAuts
     D:9: 43 daAuts

Table legend:
 A = Non-vault XP
 B = Vault XP
 C = Vault XP percentage of total XP
 D = Non-vault monster count
 E = Vault monster count
 F = Vault count percentage of total count
                 A         B        C        D         E       F
            +---------+---------+-------+---------+---------+-------
      Total |    5418 |    2437 |  31.0 |     183 |      32 |  14.9
            +---------+---------+-------+---------+---------+-------
        D:1 |      35 |       0 |   0.0 |      21 |       0 |   0.0
        D:2 |      54 |       1 |   1.8 |      19 |       1 |   5.0
        D:3 |      70 |       0 |   0.0 |      19 |       0 |   0.0
        D:4 |     780 |       0 |   0.0 |      15 |       0 |   0.0
        D:5 |     828 |      66 |   7.4 |      21 |       6 |  22.2
        D:6 |     980 |     779 |  44.3 |      14 |       2 |  12.5
        D:7 |     818 |       0 |   0.0 |      20 |       0 |   0.0
        D:8 |    1635 |    1437 |  46.8 |      49 |       7 |  12.5
        D:9 |     218 |       0 |   0.0 |       5 |       0 |   0.0
    Ossuary |       0 |     154 | 100.0 |       0 |      16 | 100.0
            +---------+---------+-------+---------+---------+-------
